 Dungeon Crawl Stone Soup version 0.29-a0-275-g389c0b56f3 (webtiles) character file.

Game seed: 2754191960915476073

524 siradein the Bolt Thrower (level 7, -1/61 HPs)
             Began as a Minotaur Hunter on Mar 10, 2022.
             Slain by a gnoll
             ... wielding a +0 spear
              (4 damage)
             ... on level 4 of the Dungeon.
             The game lasted 00:09:49 (4954 turns).

siradein the Bolt Thrower (Minotaur Hunter)         Turns: 4954, Time: 00:09:50

Health: -1/61      AC:  5    Str: 18    XL:     7   Next: 2%
Magic:  6/6        EV: 11    Int:  8    God:
Gold:   46         SH:  3    Dex: 11    Spells: 6/6 levels left

rFire   . . .      SeeInvis .   a - +1 hand crossbow
rCold   . . .      Faith    .   q - +0 buckler
rNeg    . . .      Spirit   .   k - +0 ring mail
rPois   .          Reflect  .   (helmet restricted)
rElec   .          Harm     .   (no cloak)
rCorr   .          Rampage  .   (no gloves)
Will    +....      Rnd*Tele +   (no boots)
Stlth   +.........              (no amulet)
HPRegen 0.20/turn               (no ring)
MPRegen 0.10/turn               (no ring)

@: no status effects
A: horns 2, retaliatory headbutt, high MP 1, strong-willed 1, teleportitis 1
a: no special abilities


You were on level 4 of the Dungeon.
You visited 1 branch of the dungeon, and saw 4 of its levels.

You collected 94 gold pieces.
You spent 48 gold pieces at shops.

Inventory:

Hand Weapons
 a - a +1 hand crossbow (weapon)
 p - the +2 war axe of Law {drain, rPois rF+ rN+ MP-9}
   (You found it on level 3 of the Dungeon)

   A truly terrible weapon, it drains the life of any living foe it strikes.
   rF:        It protects you from fire.
   rPois:     It protects you from poison.
   rN:        It protects you from negative energy.
   MP:        It affects your magic capacity (-9).
Armour
 k - a +0 ring mail (worn)
 q - a +0 buckler (worn)
Jewellery
 g - a ring of magical power
 h - a ring of wizardry
 i - a ring of fire
Wands
 r - a wand of iceblast (10)
Scrolls
 b - 2 scrolls of enchant armour {unknown}
 c - 2 scrolls of immolation
 j - a scroll of enchant weapon {unknown}
 n - 3 scrolls of teleportation {unknown}
 o - 2 scrolls of amnesia
 s - a scroll of identify
Potions
 d - a potion of brilliance
 e - a potion of flight
 f - 2 potions of cancellation
 l - a potion of lignification
 m - a potion of heal wounds


   Skills:
 + Level 5.0 Fighting
 + Level 6.0 Crossbows
 + Level 4.0 Armour
 + Level 4.5 Dodging
 - Level 0.7 Stealth


You had 6 spell levels left.
You didn't know any spells.
Your spell library contained the following spells:

 Spells                   Type           Power      Damage    Failure   Level
 Animate Skeleton         Necr           0%         N/A       71%         1
 Apportation              Tloc           0%         N/A       71%         1
 Magic Dart               Conj           0%         1d3       71%         1
 Summon Small Mammal      Summ           0%         N/A       71%         1
 Searing Ray              Conj           0%         2d4       83%         2
 Fulminant Prism          Conj/Hex       0%         3d6       100%        4


Dungeon Overview and Level Annotations

Branches:
Dungeon (4/15)
 Temple: D:4-7

Altars:
Dithmenos
Nemelex Xobeh
Sif Muna
Wu Jian

Shops:
D:2 ?(


Innate Abilities, Weirdness & Mutations

You have a pair of horns on your head.
You reflexively headbutt those who attack you in melee.
You have an increased reservoir of magic. (+10% MP)
You are strong-willed. (Will+)
You are occasionally teleported next to monsters.


Message History

Aim: a gnoll, wielding a +0 spear (68% to hit)
You shoot a bolt. The bolt barely misses the gnoll. x2
Unknown command.
Shoot: a) +1 hand crossbow
Press: ? - help, Q - select action, (/) - cycle Shift-Dir - straight line, f/p - gnoll
Aim: a gnoll, wielding a +0 spear (68% to hit)
You shoot a bolt. The bolt hits the gnoll!
The gnoll is severely wounded.
The gnoll hits you from afar with a +0 spear.
* * * LOW HITPOINT WARNING * * *
Shoot: a) +1 hand crossbow
Press: ? - help, Q - select action, (/) - cycle Shift-Dir - straight line, f/p - gnoll
Aim: a gnoll, wielding a +0 spear (severely wounded, 68% to hit)
You shoot a bolt.
The bolt hits the gnoll but does no damage.
The gnoll is severely wounded.
The gnoll hits you from afar with a +0 spear.
* * * LOW HITPOINT WARNING * * *
The gnoll hits you but does no damage.
Shoot: a) +1 hand crossbow
Press: ? - help, Q - select action, (/) - cycle Shift-Dir - straight line, f/p - gnoll
Aim: a gnoll, wielding a +0 spear (severely wounded, 68% to hit)
You shoot a bolt. The bolt hits the gnoll.
You kill the gnoll!
Unknown command.
Shoot: a) +1 hand crossbow
Press: ? - help, Q - select action, (/) - cycle Shift-Dir - straight line, f - gnoll
Aim: a gnoll, wielding a +0 spear and quivering stones (68% to hit)
You shoot a bolt.
The bolt hits the gnoll but does no damage.
The gnoll throws a stone.
The stone hits you.
* * * LOW HITPOINT WARNING * * *
Shoot: a) +1 hand crossbow
Press: ? - help, Q - select action, (/) - cycle Shift-Dir - straight line, f/p - gnoll
Aim: a gnoll, wielding a +0 spear and quivering stones (68% to hit)
You shoot a bolt.
The bolt hits the gnoll but does no damage.
The gnoll throws a stone.
You block the stone.
The gnoll hits you from afar with a +0 spear.
You die...

.#.........#........# ..
.#.........#........# ..
.'.........#........# ..
.#.........#........#
.#.........'........#####...
.#########'#...).....†......
#
.#...................)......
#
.'..............)...........
#
.#............g.@...........
#
'#..........##'#####........
#
............#......#........
#
............'......#........
#
............#......#........
# ..#######'###......# ####.
..#...#..).........#
###...#.)).........#
......#....##......#


You could see a gnoll.

Vanquished Creatures
  An ogre (D:4)
  A phantom (D:4)
  A hound (D:4)
  An orc priest (D:4)
  3 orc wizards
  10 gnolls
  4 adders
  A worm (D:4)
  2 dart slugs
  3 orcs (D:4)
  11 endoplasms
  4 giant cockroaches
  5 goblins
  11 hobgoblins
  3 jackals (D:1)
  3 quokkas
  9 ball pythons
  5 bats
  2 frilled lizards
  3 kobolds
  4 rats
87 creatures vanquished.

Notes
Turn   | Place    | Note
-------+----------+-------------------------------------------
     0 | D:1      | siradein the Minotaur Hunter began the quest for the Orb.
     0 | D:1      | Reached XP level 1. HP: 18/18 MP: 0/0
   232 | D:1      | Reached XP level 2. HP: 25/25 MP: 1/1
   343 | D:1      | Reached skill level 1 in Armour
   547 | D:1      | Reached XP level 3. HP: 31/31 MP: 2/2
   950 | D:2      | Found Pikhacw's Antique Weapon Emporium.
   955 | D:2      | Found a faded altar of an unknown god.
  1160 | D:2      | Found Hoippide's Magic Scroll Boutique.
  1172 | D:2      | Bought a scroll of identify for 24 gold pieces
  1172 | D:2      | Bought a scroll of identify for 24 gold pieces
  1178 | D:2      | Gained mutation: You are frail. (-10% HP) [potion of
                  | mutation]
  1178 | D:2      | Gained mutation: Your mind is acute. (Int +2) [potion of
                  | mutation]
  1178 | D:2      | Gained mutation: You are resistant to electric shocks.
                  | (rElec) [potion of mutation]
  1943 | D:3      | Reached XP level 4. HP: 34/34 MP: 3/3
  1991 | D:3      | Reached skill level 5 in Crossbows
  2388 | D:3      | Identified the +2 war axe of Law {drain, rPois rF+ rN+
                  | MP-9}
  2899 | D:3      | Found a sparkling altar of Nemelex Xobeh.
  3003 | D:3      | Found an ornate altar of the Wu Jian Council.
  3233 | D:3      | Reached XP level 5. HP: 25/41 MP: 4/4
  3418 | D:4      | Found a shimmering blue altar of Sif Muna.
  3421 | D:4      | Noticed a phantom
  3437 | D:4      | Killed a phantom
  3901 | D:4      | Reached XP level 6. HP: 47/47 MP: 5/5
  4124 | D:4      | Lost mutation: Your mind is acute. (Int +2) [potion of
                  | mutation]
  4124 | D:4      | Lost mutation: You are frail. (-10% HP) [potion of
                  | mutation]
  4124 | D:4      | Lost mutation: You are resistant to electric shocks.
                  | (rElec) [potion of mutation]
  4124 | D:4      | Gained mutation: You are strong-willed. (Will+) [potion of
                  | mutation]
  4124 | D:4      | Gained mutation: You have an increased reservoir of magic.
                  | (+10% MP) [potion of mutation]
  4124 | D:4      | Gained mutation: You are occasionally teleported next to
                  | monsters. [potion of mutation]
  4632 | D:4      | Found a shadowy altar of Dithmenos.
  4762 | D:4      | Reached skill level 6 in Crossbows
  4944 | D:4      | Reached skill level 5 in Fighting
  4944 | D:4      | Reached XP level 7. HP: 16/61 MP: 6/6
  4953 | D:4      | HP: 2/61 [gnoll/stone (4)]
  4954 | D:4      | Slain by a gnoll

Illustrated notes

Levels and vault maps discovered:
D:1:      lightli_arrival_noodles, layout_basic, minmay_pentomino_w4
D:2:      layout_basic, hellmonk_ecumenical_altar_lost_god, serial_shops, shop,
          nicolae_shop_crystal
D:3:      layout_loops_cross, nicolae_wu_jian_glorious_leap,
          mainiacjoe_overflow_surrounded_room
D:4:      layout_gridville, led_sif_book, mainiacjoe_overflow_paths

Skill      XL: |  1  2  3  4  5  6 |
---------------+-------------------+-----
Fighting       | 3 4 5 |  5.0
Armour         | 1 2 3 4 |  4.0
Dodging        | 3 4 |  4.5
Crossbows      | 5 6 |  6.0
Stealth        | |  0.7

Action                   |  1- 3 |  4- 6 |  7- 9 || total
-------------------------+-------+-------+-------++-------
Melee: War axe           |       |     6 |       ||     6
       Headbutt          |       |     3 |       ||     3
 Fire: Hand crossbow     |   124 |   202 |     7 ||   333
  Use: Scroll            |     6 |     2 |       ||     8
       Potion            |     1 |     1 |       ||     2
Armor: Leather armour    |     9 |       |       ||     9
       Ring mail         |     6 |    17 |     1 ||    24
Dodge: Dodged            |    36 |    72 |       ||   108
Block: Buckler           |       |    13 |     1 ||    14

Table legend: (Time is in decaauts)
 A = Elapsed time spent in this place.
 B = Non-inter-level travel time spent in this place.
 C = Inter-level travel time spent in this place.
 D = Time resting spent in this place.
 E = Time spent auto-exploring this place.
 F = Levels seen in this place.
 G = Mean time per level.
                   A        B        C        D        E       F      G
               +--------+--------+--------+--------+--------+-----+--------+
         Total |   5072 |   4942 |    130 |    808 |   3303 |   4 | 1268.0 |
       Dungeon |   5072 |   4942 |    130 |    808 |   3303 |   4 | 1268.0 |
               +--------+--------+--------+--------+--------+-----+--------+

Top non-repeatable levels by time:
     D:4: 1652 daAuts
     D:2: 1290 daAuts
     D:3: 1199 daAuts
     D:1: 930 daAuts
